 Dungeon Crawl Stone Soup version 0.28-a0-401-ge240ad9e29 (webtiles) character file.

Game seed: 16934517345335160384

165 bearlyready the Slasher (level 5, -3/49 HPs)
             Began as a Gnoll Cinder Acolyte on Sept 5, 2021.
             Was a High Priest of Ignis.
             Slain by an orc warrior (5 damage)
             ... on level 4 of the Dungeon.
             The game lasted 00:02:48 (2235 turns).

bearlyready the Slasher (Gnoll Cinder Acolyte)      Turns: 2235, Time: 00:02:48

Health: -3/49      AC:  5    Str: 12 (14) XL:     5   Next: 46%
Magic:  8/12       EV: 10    Int: 12 (14) God:    Ignis [*****.]
Gold:   90         SH:  0    Dex:  4 (7)  Spells: 14/14 levels left

rFire   + . .      SeeInvis .   i - +2 short sword (drain)
rCold   . . .      Faith    .   (no shield)
rNeg    . . .      Spirit   .   n - +0 ring mail
rPois   .          Reflect  .   (no helmet)
rElec   .          Harm     .   (no cloak)
rCorr   .          Rampage  .   (no gloves)
Will    .....                   (no boots)
Stlth   +.........              (no amulet)
HPRegen 0.16/turn               (no ring)
MPRegen 0.13/turn               (no ring)

@: no status effects
A: fangs 1, strong nose, distributed training
a: Renounce Religion, Sea of Fire, Foxfire Swarm, Rising Flame


You were on level 4 of the Dungeon.
You worshipped Ignis.
Ignis was extremely pleased with you.
You visited 1 branch of the dungeon, and saw 3 of its levels.

You collected 90 gold pieces.

Inventory:

Hand Weapons
 a - a -1 falchion of flaming
 d - a +2 short sword of speed
 h - a +0 long sword
 i - a +2 short sword of draining (weapon)
Missiles
 c - 75 stones
Armour
 b - a +0 robe
 n - a +0 ring mail (worn)
Jewellery
 g - a +6 ring of intelligence
Scrolls
 j - a scroll of identify {unknown}
 k - a scroll of amnesia {unknown}
 m - a scroll of enchant weapon {unknown}


   Skills:
 + Level 7.8 Fighting
 + Level 4.1 Short Blades
 + Level 7.8 Long Blades
 + Level 4.1 Axes
 + Level 4.1 Maces & Flails
 + Level 4.1 Polearms
 + Level 4.1 Staves
 + Level 4.1 Slings
 + Level 4.1 Bows
 + Level 4.1 Crossbows
 + Level 4.1 Throwing
 + Level 4.1 Armour
 + Level 4.1 Dodging
 + Level 4.1 Stealth
 + Level 4.1 Shields
 + Level 4.1 Unarmed Combat
 + Level 5.1 Spellcasting
 + Level 3.4 Conjurations
 + Level 3.4 Hexes
 + Level 3.4 Summonings
 + Level 3.4 Necromancy
 + Level 3.4 Translocations
 + Level 3.4 Transmutations
 + Level 6.5 Fire Magic
 + Level 3.4 Ice Magic
 + Level 3.4 Air Magic
 + Level 3.4 Earth Magic
 + Level 3.4 Poison Magic
 + Level 4.5 Invocations
 + Level 4.1 Evocations


You had 14 spell levels left.
You didn't know any spells.
Your spell library contained the following spells:

 Spells                   Type           Power      Damage    Failure   Level
 Scorch                   Fire           36%        2d7       4%          2


Dungeon Overview and Level Annotations

Branches:
Dungeon (2/15)

Altars:


Innate Abilities, Weirdness & Mutations

You have very sharp teeth.
Your uncanny sense of smell can sniff out nearby items.
Your experience applies equally to all skills.


Message History

Your Staves skill gained 3 levels and is now at level 4!
Your Slings skill gained 3 levels and is now at level 4!
Your Bows skill gained 3 levels and is now at level 4!
Your Crossbows skill gained 3 levels and is now at level 4!
Your Throwing skill gained 3 levels and is now at level 4!
Your Armour skill gained 3 levels and is now at level 4!
Your Dodging skill gained 3 levels and is now at level 4!
Your Stealth skill gained 3 levels and is now at level 4!
Your Shields skill gained 3 levels and is now at level 4!
Your Unarmed Combat skill gained 3 levels and is now at level 4!
Your Spellcasting skill gained 2 levels and is now at level 5!
Your Conjurations skill gained 3 levels and is now at level 3!
Your Hexes skill gained 3 levels and is now at level 3!
Your Summonings skill gained 3 levels and is now at level 3!
Your Necromancy skill gained 3 levels and is now at level 3!
Your Translocations skill gained 3 levels and is now at level 3!
Your Transmutations skill gained 3 levels and is now at level 3!
Your Fire Magic skill increases to level 6!
Your Ice Magic skill gained 3 levels and is now at level 3!
Your Air Magic skill gained 3 levels and is now at level 3!
Your Earth Magic skill gained 3 levels and is now at level 3!
Your Poison Magic skill gained 3 levels and is now at level 3!
Your Invocations skill gained 3 levels and is now at level 4!
Your Evocations skill gained 3 levels and is now at level 4!
You have reached level 5!
The orc warrior hits you with a +0 long sword.
* * * LOW HITPOINT WARNING * * *
It was a potion of degeneration.
There was something very wrong with that liquid.
You feel weakened.
You feel dopey.
You feel clumsy.
The orc warrior hits you with a +0 long sword!
* * * LOW HITPOINT WARNING * * *
You aren't carrying any items that you can evoke.
Unknown command.
You hit the orc warrior but do no damage.
The orc warrior is lightly wounded.
You barely miss the orc warrior.
The orc warrior is lightly wounded.
The orc warrior hits you with a +0 long sword.
You die...

#..........#
#.......... .........#
#........# #.......#
#.....# #### #...#
######... #@#
####........ #o##
##...........
#oo###...>........
.#...
#..##.............
.......
##.......o.........
#......
##..#...............
.......
###.##########........
...... ###..##
#######..
.....#####...## ##.


You could see an orc warrior (drained) and 2 orcs.

Vanquished Creatures
  3 adders
  A worm (D:2)
  2 dart slugs
  3 orcs (D:4)
  2 bats
  6 endoplasms
  4 goblins (D:1)
  6 hobgoblins
  5 jackals (D:1)
  A quokka (D:1)
  3 ball pythons
  3 kobolds
  3 rats (D:1)
42 creatures vanquished.

Notes
Turn   | Place    | Note
-------+----------+-------------------------------------------
     0 | D:1      | bearlyready the Gnoll Cinder Acolyte began the quest for
                  | the Orb.
     0 | D:1      | Reached XP level 1. HP: 23/23 MP: 4/4
   191 | D:1      | Reached XP level 2. HP: 25/29 MP: 5/5
   585 | D:1      | Reached XP level 3. HP: 34/35 MP: 7/7
   691 | D:1      | Found a faded altar of an unknown god.
  1183 | D:2      | Reached skill level 1 in Invocations
  1592 | D:2      | Reached skill level 1 in Short Blades
  1592 | D:2      | Reached skill level 1 in Axes
  1592 | D:2      | Reached skill level 1 in Maces & Flails
  1592 | D:2      | Reached skill level 1 in Polearms
  1592 | D:2      | Reached skill level 1 in Staves
  1592 | D:2      | Reached skill level 1 in Slings
  1592 | D:2      | Reached skill level 1 in Bows
  1592 | D:2      | Reached skill level 1 in Crossbows
  1592 | D:2      | Reached skill level 1 in Throwing
  1592 | D:2      | Reached skill level 1 in Armour
  1592 | D:2      | Reached skill level 1 in Dodging
  1592 | D:2      | Reached skill level 1 in Stealth
  1592 | D:2      | Reached skill level 1 in Shields
  1592 | D:2      | Reached skill level 1 in Unarmed Combat
  1592 | D:2      | Reached skill level 1 in Evocations
  1683 | D:2      | Reached XP level 4. HP: 36/41 MP: 8/8
  1810 | D:2      | You fall into a shaft and drop 2 floors!
  2168 | D:4      | Noticed an orc warrior
  2232 | D:4      | Reached skill level 5 in Spellcasting
  2232 | D:4      | Reached XP level 5. HP: 15/49 MP: 8/12
  2233 | D:4      | HP: 2/49 [orc warrior (10)]
  2235 | D:4      | Slain by an orc warrior

Illustrated notes

Levels and vault maps discovered:
D:1:      minmay_arrival_five_plusses, layout_basic,
          chequers_ecumenical_altar_lobes, minmay_misc_feat_diagonals
D:2:      layout_loops_cross
D:4:      layout_cave_pods, minmay_goblin_kobold_house, uniq_edmund

Skill      XL: |  1  2  3  4 |
---------------+-------------+-----
Invocations    | 1 4 |  4.5
Short Blades   | 1 4 |  4.1
Axes           | 1 4 |  4.1
Maces & Flails | 1 4 |  4.1
Polearms       | 1 4 |  4.1
Staves         | 1 4 |  4.1
Slings         | 1 4 |  4.1
Bows           | 1 4 |  4.1
Crossbows      | 1 4 |  4.1
Throwing       | 1 4 |  4.1
Armour         | 1 4 |  4.1
Dodging        | 1 4 |  4.1
Stealth        | 1 4 |  4.1
Shields        | 1 4 |  4.1
Unarmed Combat | 1 4 |  4.1
Evocations     | 1 4 |  4.1
Spellcasting   | 5 |  5.1
Fighting       | 7 |  7.8
Long Blades    | 7 |  7.8
Conjurations   | 3 |  3.4
Hexes          | 3 |  3.4
Summonings     | 3 |  3.4
Necromancy     | 3 |  3.4
Translocations | 3 |  3.4
Transmutations | 3 |  3.4
Fire Magic     | 6 |  6.5
Ice Magic      | 3 |  3.4
Air Magic      | 3 |  3.4
Earth Magic    | 3 |  3.4
Poison Magic   | 3 |  3.4

Action                   |  1- 3 |  4- 6 || total
-------------------------+-------+-------++-------
Melee: Falchion          |     9 |       ||     9
       Short sword       |    95 |    34 ||   129
       Bite              |     4 |     3 ||     7
  Use: Potion            |       |     4 ||     4
 Stab: Sleeping          |     1 |       ||     1
Armor: Robe              |     6 |     3 ||     9
       Ring mail         |       |     1 ||     1
Dodge: Dodged            |    47 |    20 ||    67

Table legend: (Time is in decaauts)
 A = Elapsed time spent in this place.
 B = Non-inter-level travel time spent in this place.
 C = Inter-level travel time spent in this place.
 D = Time resting spent in this place.
 E = Time spent auto-exploring this place.
 F = Levels seen in this place.
 G = Mean time per level.
                   A        B        C        D        E       F      G
               +--------+--------+--------+--------+--------+-----+--------+
         Total |   2214 |   2197 |     17 |    392 |   1460 |   3 |  738.0 |
       Dungeon |   2214 |   2197 |     17 |    392 |   1460 |   3 |  738.0 |
               +--------+--------+--------+--------+--------+-----+--------+

Top non-repeatable levels by time:
     D:1: 1253 daAuts
     D:2: 534 daAuts
     D:4: 426 daAuts
